 Dungeon Crawl Stone Soup version 0.32-a0-872-g59262bdc9b (webtiles) character file.

Game seed: 12301060104553522761

18 jlumianski the Chopper (level 2, -3/22 HPs)
             Began as a Coglin Gladiator on Mar 30, 2024.
             Slain by a gnoll
             ... wielding a +0 halberd
              (13 damage)
             ... on level 1 of the Dungeon.
             The game lasted 00:01:33 (432 turns).

jlumianski the Chopper (Coglin Gladiator)            Turns: 432, Time: 00:01:34

Health: -3/22      AC:  4    Str: 14    XL:     2   Next: 66%
Magic:  2/2        EV: 11    Int:  7    God:
Gold:   23         SH:  0    Dex: 15    Spells: 1/1 levels left

rFire   . . .        a - +0 war axe {Ealdgyð}
rCold   . . .        f - +0 dagger {Njabulo}
rNeg    . . .        b - +0 leather armour
rPois   .            c - +0 helmet
rElec   .            (no cloak)
rCorr   .            (no gloves)
SInv    .            (no boots)
Will    .....        (amulet unavailable)
Stlth   +            (ring unavailable)
HPRegen 0.23/turn    (ring unavailable)
MPRegen 0.08/turn    (no gizmo)

%: no passive effects
@: revving
A: off-hand wielding, slow wielding, warmup strikes, no jewellery
a: Invent Gizmo


You were on level 1 of the Dungeon.
You visited 1 branch of the dungeon, and saw 2 of its levels.

You collected 23 gold pieces.

Inventory:

Hand Weapons
 a - a +0 war axe (weapon) {Ealdgyð}
 f - a +0 dagger (offhand) {Njabulo}
Missiles
 d - 3 throwing nets (quivered)
 e - a javelin
Armour
 b - a +0 leather armour (worn)
 c - a +0 helmet (worn)
Wands
 k - a wand of iceblast (9)
Scrolls
 g - a scroll of enchant weapon {unknown}
 h - a scroll of identify {unknown}
 i - a scroll of fear {unknown}
Potions
 j - a potion of might {unknown}
 l - a potion of curing {unknown}


   Skills:
 + Level 2.1 Fighting
 + Level 3.4 Axes
 + Level 1.9 Throwing
 + Level 3.0 Dodging


You had one spell level left.
You didn't know any spells.
Your spell library was empty.

Dungeon Overview and Level Annotations

Branches:
Dungeon (2/15)

Altars:


Innate Abilities, Weirdness & Mutations

You can wield a second weapon in your off-hand.
It takes a long time for you to wield or remove held weapons.
Your first few attacks do less damage.
You cannot equip rings or amulets.


Message History

You hit the hobgoblin with your +0 dagger.
The hobgoblin is lightly wounded.
You hit the hobgoblin with your +0 war axe.
The hobgoblin completely misses you.
You slash the hobgoblin with your +0 war axe!
You kill the hobgoblin!
Found a fizzy yellow potion.
l - a fizzy yellow potion
Found a buckler.
A hobgoblin comes into view.
You hit the hobgoblin with your +0 dagger.
The hobgoblin is moderately wounded.
You closely miss the hobgoblin with your +0 war axe.
The hobgoblin barely misses you.
You hit the hobgoblin with your +0 war axe.
You kill the hobgoblin!
Your Dodging skill increases to level 3!
You see here a hobgoblin corpse.
You see here a +0 buckler.
Found a stone staircase leading down.
There is a stone staircase leading down here.
You climb downwards.
The gnoll shouts!
Found a stone staircase leading down.
There is a stone staircase leading up here.
A gnoll comes into view. It is wielding a +0 flail.
The gnoll closely misses you.
There is a stone staircase leading up here.
The gnoll shouts!
You hear a shout!
The gnoll hits you with a +0 halberd!
You climb upwards.
There is a stone staircase leading down here.
You hit the gnoll with your +0 dagger.
The gnoll is moderately wounded.
You hit the gnoll with your +0 war axe. The gnoll hits you with a +0 halberd.
You closely miss the gnoll with your +0 war axe.
The gnoll is heavily wounded.
You hit the gnoll with your +0 dagger. The gnoll hits you with a +0 halberd!
Ouch! That really hurt!
You die...

#..#.......
#....
##...######
......
##.####
#..##...
#....# #..#
... #.##.#
..# ..
#....#
####.# #g#
#@# #.# #..
####


You could see a gnoll.

Vanquished Creatures
  An endoplasm (D:1)
  A giant cockroach (D:1)
  4 hobgoblins (D:1)
  2 jackals (D:1)
  A quokka (D:1)
  A bat (D:1)
  3 frilled lizards (D:1)
  A kobold (D:1)
  3 rats
17 creatures vanquished.

Notes
Turn   | Place    | Note
-------+----------+-------------------------------------------
     0 | D:1      | jlumianski the Coglin Gladiator began the quest for the
                  | Orb.
     0 | D:1      | Reached XP level 1. HP: 16/16 MP: 1/1
   173 | D:1      | Reached XP level 2. HP: 21/22 MP: 2/2
   432 | D:1      | Slain by a gnoll

Illustrated notes

Levels and vault maps discovered:
D:1:      minmay_arrival_split_and_join, layout_loops_ring, st_stairs_10
D:2:      layout_basic, nicolae_grassy_gnolls

Skill      XL: |  1  2 |
---------------+-------+-----
Dodging        | 3 |  3.0
Fighting       | |  2.1
Axes           | |  3.4
Throwing       | |  1.9

Action                     || total
---------------------------++-------
  Melee: War axe           ||    31
         Dagger            ||    26
   Stab: Sleeping          ||     1
 Armour: Leather armour    ||    17
  Dodge: Dodged            ||    17

Table legend: (Time is in decaauts)
 A = Elapsed time spent in this place.
 B = Non-inter-level travel time spent in this place.
 C = Inter-level travel time spent in this place.
 D = Time resting spent in this place.
 E = Time spent auto-exploring this place.
 F = Levels seen in this place.
 G = Mean time per level.
                   A        B        C        D        E       F      G
               +--------+--------+--------+--------+--------+-----+--------+
         Total |    438 |    438 |      0 |      0 |    245 |   2 |  219.0 |
       Dungeon |    438 |    438 |      0 |      0 |    245 |   2 |  219.0 |
               +--------+--------+--------+--------+--------+-----+--------+

Top non-repeatable levels by time:
     D:1: 392 daAuts
     D:2: 45 daAuts
